 Dungeon Crawl Stone Soup version 0.30-a0-918-g0ff054e9dc (webtiles) character file.

Game seed: 17039519962115690315

7 jasper the Charlatan (level 1, 0/15 HPs)
             Began as a Demonspawn Wanderer on Mar 20, 2023.
             Killed from afar by a dart slug (3 damage)
             ... with a slug dart
             ... on level 1 of the Dungeon.
             The game lasted 00:01:12 (225 turns).

jasper the Charlatan (Demonspawn Wanderer)           Turns: 225, Time: 00:01:13

Health: 0/15       AC:  3    Str: 14    XL:     1   Next: 83%
Magic:  0/2        EV: 11    Int: 13    God:
Gold:   23         SH:  0    Dex: 10    Spells: 1/2 levels left

rFire   . . .      SeeInvis .    h - +0 dagger
rCold   . . .      Faith    .    (no shield)
rNeg    . . .      Spirit   .    d - +0 leather armour
rPois   .          Reflect  .    (no helmet)
rElec   .          Rampage  .    (no cloak)
rCorr   .                        (no gloves)
Will    .....                    (no boots)
Stlth   +                        (no amulet)
HPRegen 0.22/turn                (no ring)
MPRegen 0.08/turn                (no ring)

@: very slightly contaminated
A: no striking features
a: no special abilities


You were on level 1 of the Dungeon.
You visited 1 branch of the dungeon, and saw 1 of its levels.

You collected 23 gold pieces.

Inventory:

Hand Weapons
 a - a +0 club
 h - a +0 dagger (weapon)
Missiles
 f - a throwing net
Armour
 d - a +0 leather armour (worn)
Jewellery
 k - a ring of resist corrosion
Wands
 e - a wand of paralysis (11)
Scrolls
 c - a scroll of vulnerability
 g - 2 scrolls of identify {unknown}
 j - a scroll of blinking {unknown}
 l - a scroll of noise {unknown}
 m - a scroll of poison {unknown}
Potions
 b - a potion of lignification
 i - a potion of curing {unknown}


   Skills:
 + Level 1.5 Fighting
 - Level 1.7 Stealth
 - Level 1.0 Spellcasting
 - Level 1.7 Fire Magic
 - Level 5.0 Evocations


You had one spell level left.
You knew the following spells:

 Your Spells              Type           Power      Damage    Failure   Level
a - Foxfire               Conj/Fire      8%         2x1d4     26%         1

Your spell library contained the following spells:

 Spells                   Type           Power      Damage    Failure   Level
 Ignite Poison            Fire/Tmut/Pois 2%         N/A       63%         3


Dungeon Overview and Level Annotations

Branches:
Dungeon (1/15)

Altars:

Shops:
D:1 (


Message History

Casting: Foxfire (safe; 26% risk of failure)
Press: ? - help, Q - select action, (/) - cycle Dir - look around, f - activate You miscast Foxfire.
You are very lightly contaminated with residual magic.
Nothing appears to happen.
You now have 1/2 mp.
Casting: Foxfire (safe; 26% risk of failure)
Press: ? - help, Q - select action, (/) - cycle Dir - look around, f - activate You miscast Foxfire.
Nothing appears to happen.
The dart slug launches a dart at you. The slug dart hits you.
You take 3 damage, and have 9/15 hp.
You now have 0/2 mp.
You don't have enough magic to cast this spell.
You don't have enough magic to cast this spell.
You can access your shopping list by pressing '$'.
The dart slug launches a dart at you. The slug dart hits you.
You take 3 damage, and have 6/15 hp.
Found a club.
The dart slug launches a dart at you. The slug dart hits you.
* * * LOW HITPOINT WARNING * * *
You take 5 damage, and have 2/15 hp.
MASSIVE DAMAGE!!
You hit the dart slug.
The dart slug is lightly wounded.
The dart slug bites you but does no damage.
You hit the dart slug but do no damage.
The dart slug is lightly wounded.
The endoplasm quivers.
The dart slug barely misses you.
You hit the dart slug.
The dart slug is heavily wounded.
You barely miss the dart slug.
The dart slug is heavily wounded.
The dart slug barely misses you.
You hit the dart slug.
The dart slug is heavily wounded.
The dart slug launches a dart at you. The slug dart hits you.
You die...

#...... #......
####+##### ......
####......∩.##### #..#.
................## #..#.
.................###....
.....................##.
...........†.....†##.###
.......@..........##.#
......wJ####!.....##.#
........#.........##.#
........####..........
........# #..!......#
.....?).# #####......
######### #...).#


You could see a dart slug and an endoplasm.

Vanquished Creatures
  2 bats (D:1)
  An endoplasm (D:1)
  A kobold (D:1)
  A ball python (D:1)
  A frilled lizard (D:1)
  A rat (D:1)
7 creatures vanquished.

Vanquished Creatures (others)
  10 foxfires (D:1)
10 creatures vanquished.

Grand Total: 17 creatures vanquished

Notes
Turn   | Place    | Note
-------+----------+-------------------------------------------
     0 | D:1      | jasper the Demonspawn Wanderer began the quest for the Orb.
     0 | D:1      | jasper set off with the following items: a +0 club, a
                  | potion of lignification, a scroll of vulnerability, a +0
                  | leather armour, a wand of paralysis (11); and the following
                  | spell memorised: Foxfire; and the following spells
                  | available to memorise: Ignite Poison.
     0 | D:1      | Reached XP level 1. HP: 13/13 MP: 2/2
   116 | D:1      | Reached skill level 1 in Fighting
   198 | D:1      | Found Weowe's Weapon Boutique.
   225 | D:1      | Killed from afar by a dart slug

Illustrated notes

Levels and vault maps discovered:
D:1:      lightli_arrival_lavapool, layout_basic, serial_shops, shop

Skill      XL: |  1 |
---------------+----+-----
Fighting       | 1 |  1.5
Stealth        | |  1.7
Spellcasting   | |  1.0
Fire Magic     | |  1.7
Evocations     | |  5.0

Action                     || total
---------------------------++-------
  Melee: Dagger            ||    12
         Punch             ||     1
   Cast: Foxfire           ||     9
 Armour: Leather armour    ||     1
  Dodge: Dodged            ||     5

Table legend: (Time is in decaauts)
 A = Elapsed time spent in this place.
 B = Non-inter-level travel time spent in this place.
 C = Inter-level travel time spent in this place.
 D = Time resting spent in this place.
 E = Time spent auto-exploring this place.
 F = Levels seen in this place.
 G = Mean time per level.
                   A        B        C        D        E       F      G
               +--------+--------+--------+--------+--------+-----+--------+
         Total |    224 |    224 |      0 |      0 |    153 |   1 |  224.0 |
       Dungeon |    224 |    224 |      0 |      0 |    153 |   1 |  224.0 |
               +--------+--------+--------+--------+--------+-----+--------+

Top non-repeatable levels by time:
     D:1: 224 daAuts
